 Dungeon Crawl Stone Soup version 0.31-a0-986-g5e6e4ef867 (webtiles) character file.

Game seed: 11516461268519739641

126 sammy202020 the Ruffian (level 5, 36/36 HPs)
             Began as a Gnoll Shapeshifter on Nov 17, 2023.
             Quit the game on level 3 of the Dungeon.
             The game lasted 00:03:07 (2703 turns).

sammy202020 the Ruffian (Gnoll Shapeshifter)        Turns: 2703, Time: 00:03:08

Health: 36/36      AC:  9    Str: 15    XL:     5   Next: 10%
Magic:  7/7        EV:  8    Int:  9    God:
Gold:   184        SH:  4    Dex: 10    Spells: 6/6 levels left

rFire   . .          .
                       - Unarmed
rCold   . . .        (no shield)
rNeg    . . .        h - +1 chain mail
rPois   .            (helmet currently unavailable)
rElec   .            (cloak currently unavailable)
rCorr   .            (gloves currently unavailable)
SInv    .            (boots currently unavailable)
Will    .....        (no amulet) Stlth
                     (no ring)
HPRegen 0.26/turn    (no ring)
MPRegen 0.10/turn

%: no passive effects
@: beast-form
A: beast (slay +3), fangs 1, strong nose, distributed training, antennae 1,
large bone plates 1, clumsy 1, frail 1
a: Begin Untransformation


You were on level 3 of the Dungeon.
You were a hulking beast.
You visited 1 branch of the dungeon, and saw 3 of its levels.

You collected 184 gold pieces.

Inventory:

Armour
 a - a +0 animal skin
 f - a +0 pair of gloves
 h - a +1 chain mail (worn)
Talismans
 c - a beast talisman
 d - a flux talisman
Scrolls
 k - 2 scrolls of enchant armour
Potions
 b - 3 potions of lignification
 g - 5 potions of haste
 j - a potion of brilliance


   Skills:
 + Level 2.9 Fighting
 + Level 1.4 Short Blades
 + Level 1.4 Long Blades
 + Level 1.4 Axes
 + Level 1.4 Maces & Flails
 + Level 1.4 Polearms
 + Level 1.4 Staves
 + Level 1.4 Ranged Weapons
 + Level 1.4 Throwing
 + Level 1.4 Armour
 + Level 4.7 Dodging
 + Level 1.4 Stealth
 + Level 1.4 Shields
 + Level 6.6 Unarmed Combat
 + Level 1.4 Spellcasting
 + Level 1.1 Conjurations
 + Level 1.1 Hexes
 + Level 1.1 Summonings
 + Level 1.1 Necromancy
 + Level 1.1 Translocations
 + Level 1.1 Transmutations
 + Level 1.1 Fire Magic
 + Level 1.1 Ice Magic
 + Level 1.1 Air Magic
 + Level 1.1 Earth Magic
 + Level 1.1 Poison Magic
 + Level 1.5 Invocations
 + Level 1.4 Evocations
 + Level 6.6 Shapeshifting


You had 6 spell levels left.
You didn't know any spells.
Your spell library was empty.

Dungeon Overview and Level Annotations

Branches:
Dungeon (3/15)

Altars:


Innate Abilities, Weirdness & Mutations

You are a hulking beast.
Your limbs bulge with bestial killing power. (Slay +3)
You have very sharp teeth.
Your uncanny sense of smell can sniff out nearby items.
Your experience applies equally to all skills.
You have a pair of small antennae on your head.
You are partially covered in large bone plates. (SH +4)
You are clumsy. (Dex -2)
You are frail. (-10% HP)


Message History

You see here 2 stones.
You see here 4 stones.
k - 2 scrolls of enchant armour
m - a pink potion You now have 178 gold pieces (gained 11).
n - a purple potion No target in view!
You see here a scroll of noise.
You now have 184 gold pieces (gained 6).
Found a hand axe.
Found a short sword.
Found a stone staircase leading up.
There is a stone staircase leading up here.
You see here a +0 short sword.
You see here a +0 club.
Done exploring.
No target in view!
No target in view!
No target in view!
No target in view!
No target in view!
No target in view!
No target in view!
No target in view!
Done exploring.
Done exploring.
Done exploring.
No target in view!
As you read the scroll labelled OXZOAJ JACOTUV, it crumbles to dust.
You feel strangely unstable.
It was a scroll of teleportation.
Okay, then.
As you read the scroll of identify, it crumbles to dust.
l - a potion of degeneration Your surroundings suddenly seem different.
You drop a potion of degeneration.
Okay, then.
It was a potion of magic.
Magic courses through your body.
It was a potion of mutation.
You feel extremely strange.
Large bone plates grow over parts of your arms.
You feel clumsy.
You feel frail. A pair of antennae grows on your head!
Are you sure you want to abandon this character and quit the game? (Confirm with "yes".)

#..........###..##...#####
#..##......†....###.## ##
#.(##.####.########.# #.
#..##.# #.# #..# #.
#.)##.####.# #.## #.
#..........# #.#######
##<###.###### #.#......
####...##.######## #.#.#####
#....#.......h.!.#####.#.#####
#.##...######.##..............
#.###.## #.################
#.# #.# #.# #.# #.# #.# #.#
#.# #.# #.# #.# #.# #.# #.#
#.# ###.# #.# #.#


There were no monsters in sight!

Vanquished Creatures
  A gnoll bouda (D:3)
  5 adders
  A worm (D:3)
  5 bats
  5 endoplasms
  A giant cockroach (D:3)
  4 goblins
  5 hobgoblins
  9 kobolds
  A quokka (D:2)
  5 ball pythons
  A frilled lizard (D:2)
  7 rats
50 creatures vanquished.

Notes
Turn   | Place    | Note
-------+----------+-------------------------------------------
     0 | D:1      | sammy202020 the Gnoll Shapeshifter began the quest for the
                  | Orb.
     0 | D:1      | Reached XP level 1. HP: 17/17 MP: 1/1
   145 | D:1      | Reached XP level 2. HP: 23/23 MP: 2/2
   970 | D:2      | Reached XP level 3. HP: 27/28 MP: 2/4
  1154 | D:2      | Reached skill level 1 in Invocations
  1754 | D:3      | Reached skill level 1 in Short Blades
  1754 | D:3      | Reached skill level 1 in Long Blades
  1754 | D:3      | Reached skill level 1 in Axes
  1754 | D:3      | Reached skill level 1 in Maces & Flails
  1754 | D:3      | Reached skill level 1 in Polearms
  1754 | D:3      | Reached skill level 1 in Staves
  1754 | D:3      | Reached skill level 1 in Ranged Weapons
  1754 | D:3      | Reached skill level 1 in Throwing
  1754 | D:3      | Reached skill level 1 in Armour
  1754 | D:3      | Reached skill level 1 in Stealth
  1754 | D:3      | Reached skill level 1 in Shields
  1754 | D:3      | Reached skill level 1 in Spellcasting
  1754 | D:3      | Reached skill level 1 in Evocations
  1842 | D:3      | Reached XP level 4. HP: 34/34 MP: 5/5
  2075 | D:3      | Reached skill level 1 in Conjurations
  2075 | D:3      | Reached skill level 1 in Hexes
  2075 | D:3      | Reached skill level 1 in Summonings
  2075 | D:3      | Reached skill level 1 in Necromancy
  2075 | D:3      | Reached skill level 1 in Translocations
  2075 | D:3      | Reached skill level 1 in Transmutations
  2075 | D:3      | Reached skill level 1 in Fire Magic
  2075 | D:3      | Reached skill level 1 in Ice Magic
  2075 | D:3      | Reached skill level 1 in Air Magic
  2075 | D:3      | Reached skill level 1 in Earth Magic
  2075 | D:3      | Reached skill level 1 in Poison Magic
  2086 | D:3      | Reached XP level 5. HP: 8/40 MP: 5/7
  2702 | D:3      | Gained mutation: You are partially covered in large bone
                  | plates. (SH +4) [potion of mutation]
  2702 | D:3      | Gained mutation: You are clumsy. (Dex -2) [potion of
                  | mutation]
  2702 | D:3      | Gained mutation: You are frail. (-10% HP) [potion of
                  | mutation]
  2702 | D:3      | Gained mutation: You have a pair of small antennae on your
                  | head. [potion of mutation]
  2703 | D:3      | Quit the game

Illustrated notes

Levels and vault maps discovered:
D:1:      saegor_arrival_simple_c, layout_loops_ring
D:2:      layout_basic, nicolae_kite_square_tiling_tiny
D:3:      layout_loops_ring, minmay_randomly_rotated_circles

Skill      XL: |  1  2  3  4 |
---------------+-------------+-----
Invocations    | 1 |  1.5
Short Blades   | 1 |  1.4
Long Blades    | 1 |  1.4
Axes           | 1 |  1.4
Maces & Flails | 1 |  1.4
Polearms       | 1 |  1.4
Staves         | 1 |  1.4
Ranged Weapons | 1 |  1.4
Throwing       | 1 |  1.4
Armour         | 1 |  1.4
Stealth        | 1 |  1.4
Shields        | 1 |  1.4
Spellcasting   | 1 |  1.4
Evocations     | 1 |  1.4
Conjurations   | 1 |  1.1
Hexes          | 1 |  1.1
Summonings     | 1 |  1.1
Necromancy     | 1 |  1.1
Translocations | 1 |  1.1
Transmutations | 1 |  1.1
Fire Magic     | 1 |  1.1
Ice Magic      | 1 |  1.1
Air Magic      | 1 |  1.1
Earth Magic    | 1 |  1.1
Poison Magic   | 1 |  1.1
Fighting       | |  2.9
Dodging        | |  4.7
Unarmed Combat | |  6.6
Shapeshifting  | |  6.6

Action                     |  1- 3 |  4- 6 || total
---------------------------+-------+-------++-------
  Melee: Unarmed           |    67 |    48 ||   115
         Punch             |     1 |     2 ||     3
         Bite              |     3 |     6 ||     9
    Use: Scroll            |     5 |     3 ||     8
         Potion            |       |     3 ||     3
   Stab: Sleeping          |     4 |       ||     4
 Armour: Animal skin       |     5 |       ||     5
         Chain mail        |    31 |    41 ||    72
  Dodge: Dodged            |    27 |    17 ||    44

Table legend: (Time is in decaauts)
 A = Elapsed time spent in this place.
 B = Non-inter-level travel time spent in this place.
 C = Inter-level travel time spent in this place.
 D = Time resting spent in this place.
 E = Time spent auto-exploring this place.
 F = Levels seen in this place.
 G = Mean time per level.
                   A        B        C        D        E       F      G
               +--------+--------+--------+--------+--------+-----+--------+
         Total |   2688 |   2673 |     15 |    697 |   1604 |   3 |  896.0 |
       Dungeon |   2688 |   2673 |     15 |    697 |   1604 |   3 |  896.0 |
               +--------+--------+--------+--------+--------+-----+--------+

Top non-repeatable levels by time:
     D:2: 1064 daAuts
     D:3: 986 daAuts
     D:1: 637 daAuts
